 Dungeon Crawl Stone Soup version 0.26-a0-858-gbf766624f9 (webtiles) character file.

Game seed: 11640156267919969086

24 dracfodder the Skirmisher (level 3, 0/24 HPs)
             Began as a Gargoyle Berserker on Nov 25, 2020.
             Was a Follower of Trog.
             Slain by a worm (6 damage)
             ... on level 2 of the Dungeon.
             The game lasted 00:01:34 (602 turns).

dracfodder the Skirmisher (Gargoyle Berserker)       Turns: 602, Time: 00:01:34

Health: 0/24       AC:  6    Str: 21    XL:     3   Next: 2%
Magic:  3/3        EV: 12    Int:  7    God:    Trog [*.....]
Gold:   29         SH:  0    Dex:  9    Spells: 2/2 levels left

rFire    . . .     SeeInvis .   a - +0 hand axe
rCold    . . .     Faith    .   (no shield)
rNeg     + . .     Spirit   .   b - +0 animal skin
rPois    ∞         Reflect  .   (no helmet)
rElec    +         Harm     .   (no cloak)
rCorr    .         Rampage  .   d - +0 pair of gloves
MR       .....                  (no boots)
Stlth    +.........             (no amulet)
HPRegen  0.08/turn              (no ring)
MPRegen  0.08/turn              (no ring)

@: no status effects
A: negative energy resistance 1, electricity resistance, unbreathing,
petrification resistance, rot immunity, AC +3
a: Berserk, Renounce Religion


You were on level 2 of the Dungeon.
You worshipped Trog.
Trog was aware of your devotion.
You visited 1 branch of the dungeon, and saw 2 of its levels.

You collected 29 gold pieces.

Inventory:

Hand Weapons
 a - a +0 hand axe (weapon)
Missiles
 c - 30 arrows
Armour
 b - a +0 animal skin (worn)
 d - a +0 pair of gloves (worn)
Scrolls
 e - a scroll of teleportation {unknown}
 f - a scroll of enchant weapon {unknown}
 h - a scroll of amnesia {unknown}
Potions
 g - a potion of brilliance {unknown}
 i - a potion of haste {unknown}


   Skills:
 + Level 3.6 Fighting
 + Level 3.2 Axes
 + Level 2.2 Armour
 + Level 1.8 Dodging


You had 2 spell levels left.
You didn't know any spells.
Your spell library was empty.

Dungeon Overview and Level Annotations

Branches:
Dungeon (2/15)

Altars:


Innate Abilities, Weirdness & Mutations

You are resistant to torment.
Your stone body is resilient. (AC +3)
You are immune to poison.
You resist negative energy. (rN+)
You are resistant to electric shocks. (rElec)
You can survive without breathing.
You are immune to petrification.
You are immune to rotting.


Message History

The worm is lightly wounded.
The worm bites you.
You slash the worm!
The worm is heavily wounded.
You hit the worm but do no damage.
The worm is heavily wounded.
The worm closely misses you.
You hit the worm.
The worm is severely wounded.
The worm bites you.
You hit the worm.
The worm is almost dead.
You barely miss the worm.
The worm is almost dead.
The worm bites you.
* * * LOW HITPOINT WARNING * * *
You barely miss the worm.
The worm is almost dead.
The worm bites you.
You die...

### # #..
.. ###.##
#.. ....#
..
#####..#.#
#..@w.<..#
#.###..###
# #..#
#....
##...#
###.# b#
.#


You could see a worm.

Vanquished Creatures
  An adder (D:2)
  2 giant cockroaches (D:1)
  2 goblins (D:1)
  A hobgoblin (D:1)
  2 ball pythons (D:1)
  2 bats
  3 frilled lizards (D:1)
  3 rats
16 creatures vanquished.

Notes
Turn   | Place    | Note
-------+----------+-------------------------------------------
     0 | D:1      | dracfodder the Gargoyle Berserker began the quest for the
                  | Orb.
     0 | D:1      | Reached XP level 1. HP: 14/14 MP: 1/1
   309 | D:1      | Reached XP level 2. HP: 19/19 MP: 2/2
   593 | D:2      | Reached XP level 3. HP: 15/24 MP: 3/3
   602 | D:2      | Slain by a worm

Illustrated notes

Levels and vault maps discovered:
D:1:      elethiomel_arrival_infinity_welcomes_careful_drivers, layout_basic,
          kennysheep_pointless_box, minmay_shallow_snake_nest
D:2:      layout_loops_ring, lemuel_doored_altar

Skill      XL: |  1  2 |
---------------+-------+-----
Axes           | 3 |  3.2
Fighting       | |  3.6
Armour         | |  2.2
Dodging        | |  1.8

Action                   || total
-------------------------++-------
Melee: Hand axe          ||    73
Armor: Animal skin       ||    28
Dodge: Dodged            ||    50

Table legend: (Time is in decaauts)
 A = Elapsed time spent in this place.
 B = Non-inter-level travel time spent in this place.
 C = Inter-level travel time spent in this place.
 D = Time resting spent in this place.
 E = Time spent auto-exploring this place.
 F = Levels seen in this place.
 G = Mean time per level.
                   A        B        C        D        E       F      G
               +--------+--------+--------+--------+--------+-----+--------+
         Total |    612 |    609 |      3 |     60 |    386 |   2 |  306.0 |
       Dungeon |    612 |    609 |      3 |     60 |    386 |   2 |  306.0 |
               +--------+--------+--------+--------+--------+-----+--------+

Top non-repeatable levels by time:
     D:1: 585 daAuts
     D:2: 26 daAuts
